 Dungeon Crawl Stone Soup version 0.30.0-29-ga12c61a403 (webtiles) character file.

Game seed: 14286746421604700192

42 cheesebisquit the Grave Robber (level 3, -4/28 HPs)
             Began as a Ghoul Necromancer on June 7, 2023.
             Killed from afar by an orc wizard (6 damage)
             ... with a puff of flame
             ... on level 3 of the Dungeon.
             The game lasted 00:07:10 (2087 turns).

cheesebisquit the Grave Robber (Ghoul Necromancer)  Turns: 2087, Time: 00:07:10

Health: -4/28      AC:  4    Str: 11    XL:     3   Next: 56%
Magic:  0/4        EV: 11    Int: 12    God:
Gold:   72         SH:  0    Dex:  9    Spells: 1/5 levels left

rFire   . . .        b - +0 hand axe
rCold   + . .        (no shield)
rNeg    + + +        p - +0 leather armour
rPois   ∞            (no helmet)
rElec   .            (no cloak)
rCorr   .            m - +0 pair of gloves
SInv    .            (no boots)
Will    +....        (no amulet)
Stlth   ++           g - ring of willpower
HPRegen 0.00/turn    (no ring)
MPRegen 0.09/turn

%: no passive effects
@: inhibited regen
A: claws 1, cold resistance 1, negative energy resistance 3, inhibited
regeneration, torment resistance 2, devour on kill
a: no special abilities


You were on level 3 of the Dungeon.
You visited 1 branch of the dungeon, and saw 3 of its levels.

You collected 72 gold pieces.

Inventory:

Hand Weapons
 b - a +0 hand axe (weapon)
Missiles
 a - a throwing net
 l - 4 poisoned darts
 q - 4 javelins
Armour
 m - a +0 pair of gloves (worn)
 o - a +0 plate armour
 p - a +0 leather armour (worn)
Jewellery
 g - a ring of willpower (left hand)
Scrolls
 c - a scroll of brand weapon {unknown}
 f - 2 scrolls of fear {unknown}
 h - a scroll of vulnerability {unknown}
 i - 2 scrolls of identify {unknown}
 j - 3 scrolls of teleportation {unknown}
 n - a scroll of poison {unknown}
Potions
 d - a potion of flight {unknown}
 e - a potion of invisibility {unknown}
 k - a potion of brilliance {unknown}


   Skills:
 + Level 1.2 Fighting
 + Level 1.0 Armour
 + Level 2.2 Dodging
 + Level 2.7 Stealth
 - Level 1.7 Spellcasting
 + Level 4.2 Necromancy


You had one spell level left.
You knew the following spells:

 Your Spells              Type           Power      Damage    Failure   Level
a - Necrotise             Necr           44%        1d6       6%          1
b - Vampiric Draining     Necr           11%        2d6       19%         3

Your spell library contained the following spells:

 Spells                   Type           Power      Damage    Failure   Level
 Shock                    Conj/Air       4%         1d3       36%         1
 Animate Dead             Necr           11%        N/A       54%         4
 Swiftness                Air            1%         N/A       73%         3
 Agony                    Necr           11%        N/A       87%         5
 Airstrike                Air            0%         2d(1-17)  98%         4
 Chain Lightning          Conj/Air       0%         2d1       100%        9
 Fire Storm               Conj/Fire      0%         6d1       100%        9
 Shatter                  Erth           0%         3d5*      100%        9


Dungeon Overview and Level Annotations

Branches:
Dungeon (3/15)

Altars:


Innate Abilities, Weirdness & Mutations

You are immune to poison.
You have sharp fingernails.
Your flesh is cold resistant. (rC+)
You are immune to negative energy. (rN+++)
You do not regenerate when monsters are visible.
You are immune to unholy pain and torment.
You thrive by killing the living.


Message History

The orc wizard closely misses you.
You closely miss the orc wizard.
The orc wizard is heavily wounded.
The orc wizard hits you but does no damage.
You hit the orc wizard but do no damage.
The orc wizard is heavily wounded.
The orc wizard completely misses you.
You hit the orc wizard but do no damage.
The orc wizard is heavily wounded.
The orc wizard hits you with a +0 dagger.
The orc wizard hits you but does no damage.
You miss the orc wizard.
The orc wizard is heavily wounded.
The orc wizard hits you but does no damage.
You barely miss the orc wizard.
The orc wizard is heavily wounded.
The orc wizard hits you with a +0 dagger.
The orc wizard writhes in agony.
The orc wizard barely misses you.
You barely miss the orc wizard.
The orc wizard is severely wounded.
The orc wizard points at you and mumbles some strange words.
The magic dart hits you.
The orc wizard gestures at you while chanting.
You resist with almost no effort.
You barely miss the orc wizard.
The orc wizard is severely wounded.
The orc wizard barely misses you.
You barely miss the orc wizard.
The orc wizard is severely wounded.
The orc wizard hits you but does no damage.
Okay, then.
Okay, then.
The orc wizard attacks as you move away!
The orc wizard hits you with a +0 dagger.
The orc wizard gestures at you while chanting.
The magic dart hits you!
* * * LOW HITPOINT WARNING * * *
The orc wizard points at you and mumbles some strange words.
The puff of flame hits you.
You die...

##########
#.S.oo....
#o#####.##
###.# #...#
...######@#.#
#.....<..#.#
...########..
####


You could see an orc wizard and a ball python.

Vanquished Creatures
  A worm (D:2)
  A dart slug (D:1)
  3 endoplasms
  3 goblins
  A hobgoblin (D:1)
  5 jackals (D:2)
  A quokka (D:2)
  4 ball pythons
  7 bats
  3 frilled lizards (D:1)
  3 kobolds
  3 rats (D:1)
35 creatures vanquished.

Vanquished Creatures (collateral kills)
  A goblin (D:1)
  A frilled lizard (D:1)
2 creatures vanquished.

Grand Total: 37 creatures vanquished

Notes
Turn   | Place    | Note
-------+----------+-------------------------------------------
     0 | D:1      | cheesebisquit the Ghoul Necromancer began the quest for the
                  | Orb.
     0 | D:1      | Reached XP level 1. HP: 14/14 MP: 2/2
   171 | D:1      | Reached XP level 2. HP: 22/22 MP: 1/3
   729 | D:1      | Found a faded altar of an unknown god.
   934 | D:2      | Reached skill level 1 in Fighting
   990 | D:2      | Reached XP level 3. HP: 6/28 MP: 0/4
  1473 | D:2      | Reached skill level 1 in Armour
  1478 | D:2      | Learned a level 3 spell: Vampiric Draining
  2087 | D:3      | Killed from afar by an orc wizard

Illustrated notes

Levels and vault maps discovered:
D:1:      matt_arrival_diagonals, layout_loops_ring,
          ebering_ecumenical_altar_mist, minmay_misc_feat_columns
D:2:      layout_basic
D:3:      layout_loops_ring, amcnicky_altar_gilded, hex_tiny

Skill      XL: |  1  2  3 |
---------------+----------+-----
Dodging        | 2 |  2.2
Fighting       | 1 |  1.2
Armour         | 1 |  1.0
Stealth        | |  2.7
Spellcasting   | |  1.7
Necromancy     | |  4.2

Action                     || total
---------------------------++-------
  Melee: Unarmed           ||    26
         Hand axe          ||    11
   Cast: Necrotise         ||    68
    Use: Potion            ||     1
 Armour: Robe              ||    12
         Leather armour    ||     4
  Dodge: Dodged            ||    37
